 Dungeon Crawl Stone Soup version 0.31.0-32-g396128a36d (webtiles) character file.

Game seed: 10665406612906386873

134 Anone the Firebug (level 5, 0/29 HPs)
             Began as a Tengu Fire Elementalist on Apr 14, 2024.
             Was an Initiate of Okawaru.
             Succumbed to an orc's poison
             ... on level 5 of the Dungeon.
             The game lasted 00:04:11 (3185 turns).

Anone the Firebug (Tengu Fire Elementalist)         Turns: 3185, Time: 00:04:11

Health: 0/29       AC:  2    Str:  8    XL:     5   Next: 17%
Magic:  2/9        EV: 27    Int: 18    God:    Okawaru [......]
Gold:   205        SH:  4    Dex: 14    Spells: 6/9 levels left

rFire   . . .        o - +1 falchion (elec)
rCold   . . .        k - +0 buckler
rNeg    . . .        a - +0 robe
rPois   .            (helmet restricted)
rElec   .            (no cloak)
rCorr   .            (no gloves)
SInv    .            (boots unavailable)
Will    +....        (no amulet)
Stlth   ++           (no ring)
HPRegen 0.24/turn    (no ring)
MPRegen 0.11/turn

%: random rage (3%), acrobat
@: mighty, lethally poisoned (0 -> -15), acrobatic, hasted, very quick
A: beak, talons 3, acrobatic, berserk 1, strong-willed 1, teleportitis 1
a: Renounce Religion


You were on level 5 of the Dungeon.
You worshipped Okawaru.
Okawaru was noncommittal.
You visited 1 branch of the dungeon, and saw 5 of its levels.

You collected 205 gold pieces.

Inventory:

Hand Weapons
 c - a +0 dagger
 j - a +2 dagger of freezing
 o - a +1 falchion of electrocution (weapon)
Armour
 a - a +0 robe (worn)
 k - a +0 buckler (worn)
Wands
 m - a wand of roots (6)
Scrolls
 d - a scroll of identify {unknown}
 e - 3 scrolls of noise {unknown}
 g - 2 scrolls of fog {unknown}
 h - 2 scrolls of vulnerability {unknown}
 i - 4 scrolls of teleportation {unknown}
 n - 2 scrolls of amnesia {unknown}
 p - a scroll of poison {unknown}
 q - a scroll of blinking {unknown}
Potions
 b - a potion of magic
 f - 2 potions of might
 l - 2 potions of mutation


   Skills:
 - Level 1.0 Fighting
 * Level 1.2 Long Blades
 + Level 2.9 Dodging
 - Level 2.0 Stealth
 * Level 1.6 Shields
 + Level 2.5 Spellcasting
 + Level 2.7 Conjurations
 + Level 3.9 Fire Magic
 + Level 0.5 Invocations


You had 6 spell levels left.
You knew the following spells:

 Your Spells              Type           Power      Damage    Failure   Level
a - Foxfire               Conj/Fire      56%        2x1d6     7%          1
b - Scorch                Fire           32%        2d6       9%          2

Your spell library contained the following spells:

 Spells                   Type           Power      Damage    Failure   Level
 Inner Flame              Hex/Fire       9%         N/A       34%         3
 Volatile Blastmotes      Fire/Tloc      18%        2d11      34%         3
 Flame Wave               Conj/Fire      14%        2d6       56%         4
 Gell's Gravitas          Tloc           2%         N/A       63%         3
 Teleport Other           Tloc           2%         N/A       63%         3
 Fireball                 Conj/Fire      7%         3d5       88%         5
 Cause Fear               Hex            1%         N/A       95%         4
 Dispersal                Tloc           1%         N/A       100%        6
 Dragon's Call            Summ           Unusable   N/A       N/A         9

Dungeon Overview and Level Annotations

Branches:
Dungeon (4/15)
 Temple: D:4-7

Altars:
Okawaru
Vehumet


Innate Abilities, Weirdness & Mutations

You have a beak for a mouth.
You have claws for feet.
You can magically evade attacks while moving or waiting.
You sometimes lose your temper in combat.
You are strong-willed. (Will+)
You are occasionally teleported next to monsters.


Message History

Casting: Foxfire (safe; 7% risk of failure)
Confirm with . or Enter, or press ? or * to list all spells.
You conjure some foxfire!
An orc comes into view. It is wielding a +0 mace.
The foxfire hits the orc.
The orc is heavily wounded.
Your foxfire dissipates!
Found a stone staircase leading up.
You closely miss the orc. Your kick misses the orc.
The orc is moderately wounded.
The orc hits you with a +4 short sword of venom.
You are poisoned.
You feel very sick.
Casting: Foxfire (safe; 7% risk of failure)
Confirm with . or Enter, or press ? or * to list all spells.
You don't have enough magic to cast this spell.
You feel very sick.
You feel sick. The orc attacks as it pursues you!
The orc completely misses you.
You feel sick. The orc attacks as it pursues you!
The orc hits you with a +4 short sword of venom.
You are lethally poisoned!
It was a potion of might.
You feel very mighty all of a sudden.
You feel very sick.
It was a potion of haste.
You feel yourself speed up.
* * * LOW HITPOINT WARNING * * *
You feel very sick. The orc closely misses you.
Okay, then.
Okay, then.
You hit the orc. You peck the orc.
You kill the orc!
Okawaru accepts your kill.
* * * LOW HITPOINT WARNING * * *
You feel sick.
The orc hits you with a +4 short sword of venom.
* * * LOW HITPOINT WARNING * * *
You are more poisoned.
You die...

..##########
...........##.#
#.o.....#
#@#####.# #.# #
#.# ###.# #.#
.(..###
..##.##.##.......
..............#
..#...####o.###
...... ..# .##..
#o#


You could see an orc.

Vanquished Creatures
  Terence (D:3)
  An iguana (D:4)
  An adder (D:2)
  2 dart slugs
  6 orcs
  5 bats
  8 endoplasms
  A giant cockroach (D:2)
  6 hobgoblins
  2 jackals (D:1)
  8 kobolds
  A quokka (D:3)
  7 ball pythons
  2 frilled lizards
  7 goblins
  3 rats
61 creatures vanquished.

Vanquished Creatures (others)
  252 foxfires
252 creatures vanquished.

Grand Total: 313 creatures vanquished

Notes
Turn   | Place    | Note
-------+----------+-------------------------------------------
     0 | D:1      | Anone the Tengu Fire Elementalist began the quest for the
                  | Orb.
     0 | D:1      | Reached XP level 1. HP: 10/10 MP: 4/4
   224 | D:1      | Reached XP level 2. HP: 11/16 MP: 0/6
   468 | D:1      | Learned a level 2 spell: Scorch
  1006 | D:1      | Reached XP level 3. HP: 20/20 MP: 5/7
  1274 | D:2      | Found an iron altar of Okawaru.
  1277 | D:2      | Reached skill level 1 in Fighting
  1291 | D:2      | Became a worshipper of Warmaster Okawaru
  1903 | D:2      | Found a faded altar of an unknown god.
  2017 | D:3      | Reached skill level 1 in Shields
  2080 | D:3      | Reached XP level 4. HP: 25/25 MP: 6/8
  2111 | D:3      | Noticed Terence
  2271 | D:3      | Found a radiant altar of Vehumet.
  2501 | D:3      | HP: 1/25 [Terence/+1 heavy mace (11)]
  2503 | D:3      | Gained mutation: You sometimes lose your temper in combat.
                  | [potion of mutation]
  2503 | D:3      | Gained mutation: You are occasionally teleported next to
                  | monsters. [potion of mutation]
  2503 | D:3      | Gained mutation: You are strong-willed. (Will+) [potion of
                  | mutation]
  2507 | D:3      | Killed Terence
  3159 | D:4      | Reached skill level 1 in Long Blades
  3159 | D:4      | Reached XP level 5. HP: 29/29 MP: 2/9
  3163 | D:4      | You fall into a shaft and drop 1 floor!
  3163 | D:5      | Entered Level 5 of the Dungeon
  3185 | D:5      | Succumbed to an orc's poison

Illustrated notes

Levels and vault maps discovered:
D:1:      minmay_arrival_hallway, layout_loops_cross, minmay_ruptured
D:2:      layout_rooms, basic_ecumenical_altar, basic_altar
D:3:      layout_rooms, mainiacjoe_overflow_chevrons,
          chequers_serial_rivers_large_a, uniq_terence
D:4:      layout_rooms, temple_hall, minmay_strange_pillars
D:5:      layout_loops_ring, lemuel_round_altar

Skill      XL: |  1  2  3  4 |
---------------+-------------+-----
Conjurations   | 2 |  2.7
Fighting       | 1 |  1.0
Shields        | 1 |  1.6
Long Blades    | 1 |  1.2
Dodging        | |  2.9
Stealth        | |  2.0
Spellcasting   | |  2.5
Fire Magic     | |  3.9
Invocations    | |  0.5

Action                     |  1- 3 |  4- 6 || total
---------------------------+-------+-------++-------
  Melee: Dagger            |     2 |       ||     2
         Peck              |     1 |     1 ||     2
         Falchion          |       |     5 ||     5
   Cast: Foxfire           |    97 |    56 ||   153
         Scorch            |       |     6 ||     6
    Use: Potion            |       |     5 ||     5
 Armour: Robe              |     9 |    18 ||    27
  Dodge: Dodged            |    26 |    20 ||    46
  Block: Buckler           |       |     7 ||     7
